 Dungeon Crawl Stone Soup version 0.19-a0-1058-g5566a1a (webtiles) character file.

560 tyvek the Chopper (level 7, -6/61 HPs)
             Began as a Minotaur Berserker on Aug 3, 2016.
             Was a Priest of Trog.
             Mangled by DrKenneth's ghost (9 damage)
             ... on level 4 of the Dungeon.
             The game lasted 00:06:39 (3296 turns).

tyvek the Chopper (Minotaur Berserker)              Turns: 3296, Time: 00:06:39

Health: -6/61      AC:  8    Str: 27    XL:     7   Next: 9%
Magic:  6/6        EV: 10    Int:  5    God:    Trog [***...]
Gold:   237        SH:  0    Dex: 10    Spells: 0 memorised, 6 levels left

rFire  . . .     SeeInvis .     p - +0 war axe
rCold  . . .     Gourm    .     h - +1 ring mail
rNeg   . . .     Faith    .     a - +0 shield
rPois  +         Spirit   .     (helmet restricted)
rElec  .         Dismiss  .     n - +0 cloak
rCorr  +         Reflect  .     (no gloves)
SustAt .         Harm     .     (no boots)
MR     .....                    (no amulet)
Stlth  ..........               r - ring of resist corrosion
                                l - ring of poison resistance {rPois, !d}

@: confused, mighty, exhausted, starving, not resistant to hostile enchantments,
extremely unstealthy
A: retaliatory headbutt, horns 2
a: Berserk, Trog's Hand, Burn Spellbooks, Renounce Religion


You were on level 4 of the Dungeon.
You worshipped Trog.
Trog was most pleased with you.
You were starving.

You visited 1 branch of the dungeon, and saw 4 of its levels.

You collected 237 gold pieces.

Inventory:

Hand Weapons
 p - a +0 war axe (weapon)
   (You took it off an orc on level 3 of the Dungeon)
Armour
 a - a +0 shield (worn)
   (You found it on level 3 of the Dungeon)
 h - a +1 ring mail (worn)
   (You found it on level 1 of the Dungeon)
 n - a +0 cloak (worn)
   (You found it on level 3 of the Dungeon)
Jewellery
 l - a ring of poison resistance (left hand) {rPois, !d}
   (You found it on level 2 of the Dungeon)
 r - a ring of resist corrosion (right hand)
   (You found it on level 3 of the Dungeon)
Scrolls
 b - 3 scrolls of magic mapping {!r}
 d - 2 scrolls of teleportation
 e - 2 scrolls of enchant armour
 m - a scroll of remove curse {unknown}
Potions
 j - a potion of brilliance {unknown}
 q - a potion of heal wounds {unknown}
 s - a potion of haste {unknown}
Books
 t - a book of Spatial Translocations
   (You found it on level 4 of the Dungeon)
Comestibles
 c - 2 bread rations {@e1}
 f - 2 meat rations {@e2}
 k - a slice of pizza


   Skills:
 + Level 5.6 Fighting
 + Level 6.6 Axes
 + Level 4.3 Armour
 + Level 3.9 Dodging
 + Level 2.0 Shields


You had 6 spell levels left.
You didn't know any spells.

Dungeon Overview and Level Annotations

Branches:
Dungeon (4/15)             Temple (0/1) D:4

Altars:
Hepliaklqana
Nemelex Xobeh
Trog

Annotations:
D:4 DrKenneth's ghost, amateur MiBe


Innate Abilities, Weirdness & Mutations

You reflexively headbutt those who attack you in melee.
You have a pair of horns on your head.


Message History

You regained 3 hp, and now have 14/61 hp.
You barely miss DrKenneth's ghost. Your headbutt misses DrKenneth's ghost.
You block DrKenneth's ghost's attack. DrKenneth's ghost hits you.
* * * LOW HITPOINT WARNING * * *
You take 3 damage, and have 11/61 hp.
You hit DrKenneth's ghost but do no damage.
You hit the crimson imp but do no damage.
DrKenneth's ghost hits you!
* * * LOW HITPOINT WARNING * * *
The crimson imp hits you but does no damage.
You block DrKenneth's ghost's attack. The crimson imp hits you.
* * * LOW HITPOINT WARNING * * *
You take 10 damage, and have 1/61 hp.
You block DrKenneth's ghost's attack. The crimson imp closely misses you.
You furiously retaliate!
You headbutt the crimson imp.
You regained 2 hp, and now have 3/61 hp.
DrKenneth's ghost hits you.
* * * LOW HITPOINT WARNING * * *
You take 1 damage, and have 2/61 hp.
You feel better. You block DrKenneth's ghost's attack.
DrKenneth's ghost hits you.
* * * LOW HITPOINT WARNING * * *
The crimson imp blinks!
You regained 11 hp, and now have 14/61 hp.
Here: DrKenneth's ghost (severely damaged)
The floor.
You closely miss DrKenneth's ghost. Your headbutt misses DrKenneth's ghost.
You feel the effects of Trog's Hand fading.
DrKenneth's ghost hits you but does no damage.
DrKenneth's ghost hits you.
* * * LOW HITPOINT WARNING * * *
You block the crimson imp's attack.
You take 4 damage, and have 10/61 hp.
It was a potion of lignification.
You turn into a tree.
Your +0 cloak melds into your body.
Your +1 ring mail melds into your body.
Your roots penetrate the ground.
DrKenneth's ghost hits you but does no damage.
The crimson imp blinks!
You now have 17/91 hp.
You closely miss DrKenneth's ghost.
DrKenneth's ghost hits you but does no damage.
DrKenneth's ghost hits you.
* * * LOW HITPOINT WARNING * * *
You hit DrKenneth's ghost but do no damage.
Your skin stops crawling.
You feel less resistant to hostile enchantments.
DrKenneth's ghost says, "What do you have that I didn't have?"
DrKenneth's ghost hits you but does no damage. x2
You hit DrKenneth's ghost.
You hit the crimson imp but do no damage.
DrKenneth's ghost hits you but does no damage.
The crimson imp hits you but does no damage.
DrKenneth's ghost hits you but does no damage.
The crimson imp hits you but does no damage.
You slash the crimson imp! You miss DrKenneth's ghost.
DrKenneth's ghost hits you but does no damage.
The crimson imp hits you but does no damage.
You block DrKenneth's ghost's attack. You block the crimson imp's attack.
You miss DrKenneth's ghost. You miss the crimson imp.
Your transformation is almost over.
You feel yourself speed up. You block DrKenneth's ghost's attack.
The crimson imp hits you but does no damage.
DrKenneth's ghost hits you but does no damage.
The crimson imp hits you but does no damage.
You barely miss the crimson imp. You miss DrKenneth's ghost.
DrKenneth's ghost hits you but does no damage.
The crimson imp hits you but does no damage.
You closely miss the crimson imp. You miss DrKenneth's ghost.
DrKenneth's ghost hits you but does no damage.
The crimson imp blinks!
DrKenneth's ghost hits you.
* * * LOW HITPOINT WARNING * * *
You take 5 damage, and have 14/91 hp.
You closely miss DrKenneth's ghost.
The crimson imp blinks!
DrKenneth's ghost hits you!
* * * LOW HITPOINT WARNING * * *
You take 7 damage, and have 7/91 hp.
You barely miss DrKenneth's ghost. DrKenneth's ghost hits you.
* * * LOW HITPOINT WARNING * * *
You take 4 damage, and have 3/91 hp.
It was a potion of might.
You feel very mighty all of a sudden.
DrKenneth's ghost hits you but does no damage.
The crimson imp blinks!
It was a potion of ambrosia.
You are confused.
You feel invigorated.
DrKenneth's ghost hits you but does no damage.
You regained 6 hp, and now have 9/91 hp.
You cannot move. (Use ctrl+direction to attack without moving.)
You cannot move. (Use ctrl+direction to attack without moving.)
You cannot move. (Use ctrl+direction to attack without moving.)
You hit DrKenneth's ghost but do no damage.
You feel less woody.
Your +0 cloak unmelds from your body.
Your +1 ring mail unmelds from your body.
DrKenneth's ghost hits you!
* * * LOW HITPOINT WARNING * * *
DrKenneth's ghost hits you!
You die...

######....####<##
#...........
###...########
#.......#
#.##.##.# ## #.
#.##.# .. .
.>##.# .# # # ###
#.# #.##.
#.#####@# ....
.......W# ..#
#.#####.##†.##..#
#....!..........
#....##.##.##.#.#
..## #%# .# ..#
.. #### .## .#


You could see DrKenneth's ghost.

Vanquished Creatures
  Eustachio (D:4)
  The ghost of DrKenneth the Slasher, an amateur MiBe of Trog (D:3)
  A worker ant (D:4)
  Robin (D:3)
  3 gnolls (D:3)
  7 adders
  An ooze (D:3)
  3 worms
  3 dart slugs
  3 giant geckos
  3 orcs
  2 ball pythons
  10 bats
  5 giant cockroaches
  21 goblins
  13 hobgoblins
  8 jackals
  2 quokkas
  6 kobolds
  38 rats
132 creatures vanquished.

Notes
Turn   | Place    | Note
-------+----------+-------------------------------------------
     0 | D:1      | tyvek the Minotaur Berserker began the quest for the Orb.
     0 | D:1      | Reached XP level 1. HP: 19/19 MP: 0/0
   219 | D:1      | Reached skill level 4 in Axes
   227 | D:1      | Reached XP level 2. HP: 27/27 MP: 1/1
   947 | D:2      | Reached skill level 4 in Fighting
   947 | D:2      | Reached XP level 3. HP: 31/33 MP: 2/2
  1154 | D:2      | Reached ** piety under Trog
  1277 | D:2      | Found a bloodstained altar of Trog.
  1296 | D:2      | Reached skill level 3 in Armour
  1405 | D:2      | Reached XP level 4. HP: 34/41 MP: 3/3
  1599 | D:2      | Reached skill level 5 in Axes
  1731 | D:2      | Reached *** piety under Trog
  1739 | D:2      | Received a gift from Trog
  1913 | D:3      | Reached XP level 5. HP: 30/47 MP: 4/4
  2076 | D:3      | Noticed DrKenneth's ghost (amateur MiBe)
  2084 | D:3      | Killed DrKenneth's ghost
  2084 | D:3      | Reached skill level 5 in Fighting
  2084 | D:3      | Reached skill level 6 in Axes
  2084 | D:3      | Reached skill level 3 in Dodging
  2084 | D:3      | Reached XP level 6. HP: 56/56 MP: 5/5
  2150 | D:3      | Noticed Robin
  2173 | D:3      | Killed Robin
  2276 | D:3      | Found a hazy altar of Hepliaklqana.
  2463 | D:3      | Reached **** piety under Trog
  2593 | D:3      | Received a gift from Trog
  2717 | D:4      | Noticed Eustachio
  2740 | D:4      | Found a sparkling altar of Nemelex Xobeh.
  2762 | D:4      | HP: 13/56 [Eustachio/rapier of protection (5)]
  2772 | D:4      | HP: 14/56 [iron imp[Eustachio] (6)]
  2777 | D:4      | HP: 7/56 [Eustachio/rapier of protection (9)]
  2779 | D:4      | Killed Eustachio
  2779 | D:4      | Reached skill level 4 in Armour
  2779 | D:4      | Reached skill level 1 in Shields
  2779 | D:4      | Reached XP level 7. HP: 9/61 MP: 6/6
  3143 | D:4      | Found a staircase to the Ecumenical Temple.
  3243 | D:4      | Reached skill level 2 in Shields
  3247 | D:4      | Noticed DrKenneth's ghost (amateur MiBe)
  3272 | D:4      | HP: 8/61 [DrKenneth's ghost (13)]
  3277 | D:4      | HP: 11/61 [DrKenneth's ghost (5)]
  3278 | D:4      | HP: 2/61 [DrKenneth's ghost (11)]
  3283 | D:4      | HP: 10/61 [DrKenneth's ghost (6)]
  3291 | D:4      | HP: 14/91 [DrKenneth's ghost (6)]
  3293 | D:4      | HP: 3/91 [DrKenneth's ghost (4)]
  3296 | D:4      | Mangled by DrKenneth's ghost

Vault maps used:
D:1:      lemuel_arrival_hallway
D:2:      marbit_many_paths, first_bread, minmay_rats_cheesy_pizza
D:3:      kennysheep_big_flooded_room, overflow_temple_1_default, uniq_robin
D:4:      fiery_altar_vehumet, overflow_temple_1_default, uniq_eustachio

Skill      XL: |  1  2  3  4  5  6  7 |
---------------+----------------------+-----
Axes           | 4 5 6 |  6.6
Fighting       | 4 5 |  5.6
Armour         | 3 4 |  4.3
Dodging        | 3 |  3.9
Shields        | 1 2 |  2.0

Action                   |  1- 3 |  4- 6 |  7- 9 || total
-------------------------+-------+-------+-------++-------
Melee: Hand axe          |    75 |   112 |       ||   187
       Headbutt          |    12 |    23 |       ||    35
       Whip              |       |    18 |       ||    18
       War axe           |       |    65 |    52 ||   117
Invok: Berserk           |       |     2 |     1 ||     3
       Trog's Hand       |       |     1 |     1 ||     2
  Use: Scroll            |     3 |       |       ||     3
       Potion            |       |     1 |     5 ||     6
  Eat: Chunk             |     2 |     5 |     1 ||     8
       Pizza             |       |     1 |       ||     1
Armor: Animal skin       |     9 |       |       ||     9
       Ring mail         |    14 |    64 |    20 ||    98
       Skin              |       |       |    18 ||    18
Dodge: Dodged            |    50 |   134 |    11 ||   195
Block: Shield            |       |    39 |    24 ||    63

Vault maps used:
D:1:      lemuel_arrival_hallway
D:2:      marbit_many_paths, first_bread, minmay_rats_cheesy_pizza
D:3:      kennysheep_big_flooded_room, overflow_temple_1_default, uniq_robin
D:4:      fiery_altar_vehumet, overflow_temple_1_default, uniq_eustachio

Table legend:
 A = Turns spent in this place as a percentage of turns spent in the entire game.
 B = Non-inter-level travel turns spent in this place as a percentage of non-inter-level travel turns spent in the entire game.
 C = Inter-level travel turns spent in this place as a percentage of turns spent in this place.
 D = Turns resting spent in this place as a percentage of non-inter-level travel turns spent in this place.
 E = Turns spent auto-exploring this place as a percentage of non-inter-level travel turns spent in this place.
 F = Non-inter-level travel turns spent in this place divided by the number of levels of this place that you've seen.
                   A       B       C       D       E      F
               +-------+-------+-------+-------+-------+----------------------
         Total | 100.0 | 100.0 |   0.4 |   1.9 |  10.2 | 276.8
       Dungeon | 100.0 | 100.0 |   0.4 |   1.9 |  10.2 | 276.8
               +-------+-------+-------+-------+-------+----------------------

Table legend:
 A = Kills in this place as a percentage of kills in entire the game.
 B = Kills by you in this place as a percentage of kills by you in the entire game.
 C = Kills by friends in this place as a percentage of kills by friends in the entire game.
 D = Other kills in this place as a percentage of other kills in the entire game.
 E = Experience gained in this place as a percentage of experience gained in the entire game.
 F = Experience gained in this place divided by the number of levels of this place that you have seen.
                   A       B       C       D       E      F
               +-------+-------+-------+-------+-------+----------------------
         Total | 100.0 | 100.0 |  -nan |  -nan | 100.0 | 200.2
       Dungeon | 100.0 | 100.0 |  -nan |  -nan | 100.0 | 200.2
               +-------+-------+-------+-------+-------+----------------------
